AoeStats
← ZAKOTA | BRO

Black Forest

510828566Analyzed
4v4 RM · 18h ago on Oct 2, 2026· 63m 49s· 8 players
Game mode
Random Map
Map size
Large (8 player)
Population
200
Speed
Normal
Resources
Standard
Victory
Conquest
Starting age
Dark Age
Ending age
Imperial Age
RankedLock teamsTeams togetherTeam positionsShared explorationLock speedFull tech treeHidden civsTurbo modeCheats
Victory
Defeat
🇵🇰 Bohemians · Pakistan
984
+12
🇨🇳 Tatars · China
949
+41
🇺🇸 Britons · United States
942
+14
🇵🇰 Franks · Pakistan
861
+16
🇿🇦 Georgians · South Africa
949
-16
🇿🇦 Khmer · South Africa
937
-16
🇿🇦 Portuguese · South Africa
917
-15
🇿🇦 Vietnamese · South Africa
771
-9
lx T DUB xl
0:39 Loom
12:38 Feudal Age
15:40 Double-Bit Axe
17:31 Stone Mining
17:35 Gold Mining
17:36 Stone Mining
18:25 Wheelbarrow
20:38 Castle Age
19:05 Horse Collar
22:18 Bow Saw
23:28 Fletching
23:39 Padded Archer Armor
25:20 Bodkin Arrow
26:05 Leather Archer Armor
25:42 Treadmill Crane
27:58 Gold Shaft Mining
28:57 Ballistics
31:32 Masonry
35:18 Imperial Age
34:31 Caravan
35:56 Fortified Wall
37:27 Chemistry
35:51 Elite Longbowman
36:42 Warwolf
37:05 Yeomen
37:29 Guard Tower
37:25 Arrowslits
38:12 Architecture
37:39 Murder Holes
37:50 Bracer
38:21 Ring Archer Armor
38:28 Conscription
39:36 Two-Man Saw
38:39 Heavy Plow
41:24 Keep
40:55 Siege Engineers
42:38 Warwolf
50:00 Hand Cart
51:43 Guilds
51:45 Man-at-Arms
52:13 Gambesons
52:28 Squires
52:14 Arson
52:34 Scale Mail Armor
52:44 Forging
53:23 Long Swordsman
54:23 Chain Mail Armor
54:43 Iron Casting
54:29 Two-Handed Swordsman
55:43 Plate Mail Armor
56:06 Champion
59:15 Blast Furnace
ZAKOTA | BRO
12:01 Feudal Age
12:52 Loom
17:09 Castle Age
16:15 Scale Barding Armor
16:20 Forging
21:03 Double-Bit Axe
21:12 Gold Mining
21:18 Stone Mining
25:27 Iron Casting
27:52 Wheelbarrow
28:18 Caravan
28:21 Town Watch
29:35 Bow Saw
30:30 Chain Barding Armor
34:50 Imperial Age
32:25 Scale Mail Armor
34:06 Husbandry
34:53 Cavalier
34:55 Elite Throwing Axeman
36:00 Conscription
35:51 Town Patrol
36:06 Hand Cart
37:10 Plate Barding Armor
36:51 Chain Mail Armor
37:36 Blast Furnace
38:50 Chemistry
37:45 Paladin
40:59 Chivalry
43:24 Plate Mail Armor
45:25 Squires
45:05 Pikeman
45:32 Arson
45:32 Gambesons
45:58 Halberdier
肖勇杰舔狗
10:02 Feudal Age
14:47 Double-Bit Axe
15:39 Horse Collar
19:34 Wheelbarrow
25:17 Castle Age
26:40 Fletching
27:23 Town Watch
30:26 Bow Saw
30:50 Heavy Plow
32:16 Hand Cart
32:23 Stone Mining
32:23 Gold Mining
33:35 Silk Armor
34:32 Bodkin Arrow
34:51 Forging
34:47 Scale Barding Armor
40:39 Imperial Age
41:43 Conscription
46:26 Conscription
59:21 Squires
58:43 Pikeman
59:09 Arson
60:35 Halberdier
Just_jawad
0:26 Loom
12:02 Feudal Age
13:06 Horse Collar
13:13 Double-Bit Axe
16:17 Castle Age
17:40 Wheelbarrow
17:08 Heavy Plow
17:25 Bow Saw
27:38 Hand Cart
34:01 Imperial Age
32:33 Chemistry
31:54 Ballistics
31:30 Murder Holes
31:45 Masonry
31:51 Fletching
32:02 Padded Archer Armor
32:38 Wagenburg Tactics
32:51 Bodkin Arrow
32:58 Scale Mail Armor
33:09 Forging
33:13 Herbal Medicine
33:40 Heresy
33:41 Sanctity
33:21 Devotion
33:22 Atonement
33:33 Fervor
33:51 Leather Archer Armor
33:42 Scale Barding Armor
34:51 Chain Mail Armor
35:08 Bombard Tower
34:34 Arrowslits
34:53 Bracer
34:26 Houfnice
35:14 Squires
34:35 Pikeman
35:02 Arson
35:39 Fortified Wall
35:35 Siege Engineers
35:39 Caravan
36:10 Coinage
36:52 Theocracy
36:34 Block Printing
36:45 Illumination
36:31 Redemption
36:52 Halberdier
36:53 Onager
38:35 Banking
39:40 Conscription
39:29 Hussite Reforms
41:35 Plate Mail Armor
41:36 Ring Archer Armor
41:42 Iron Casting
46:36 Two-Man Saw
53:58 Blast Furnace
54:05 Chain Barding Armor
Solid Snake
15:04 Feudal Age
18:52 Castle Age
18:34 Double-Bit Axe
18:33 Horse Collar
19:58 Bow Saw
19:51 Heavy Plow
19:45 Gold Mining
19:46 Stone Mining
23:36 Wheelbarrow
24:32 Stone Shaft Mining
24:08 Padded Archer Armor
23:59 Fletching
27:01 Hand Cart
26:37 Loom
26:38 Town Watch
27:35 Leather Archer Armor
27:15 Bodkin Arrow
29:50 Crossbowman
31:37 Thumb Ring
32:53 Ballistics
37:23 Imperial Age
36:21 Town Patrol
37:43 Arbalester
38:57 Ring Archer Armor
38:28 Bracer
39:31 Chemistry
40:10 Elite Skirmisher
40:53 Imperial Skirmisher
42:58 Elite Rattan Archer
52:04 Light Cavalry
52:55 Bloodlines
52:45 Husbandry
52:09 Cavalier
Expendable
0:56 Loom
13:32 Feudal Age
18:21 Castle Age
17:38 Double-Bit Axe
24:50 Imperial Age
23:29 Bow Saw
27:51 Town Watch
32:19 Chemistry
33:02 Conscription
34:11 Town Patrol
34:50 Wheelbarrow
35:59 Circumnavigation
36:45 Elite Organ Gun
39:50 Arquebus
41:09 Hand Cart
42:30 Ballistics
42:27 Siege Engineers
44:05 Two-Man Saw
51:25 Murder Holes
51:41 Fortified Wall
52:34 Forging
52:25 Scale Mail Armor
51:48 Pikeman
53:47 Iron Casting
53:26 Masonry
52:58 Treadmill Crane
53:40 Bombard Tower
53:48 Halberdier
56:51 Blast Furnace
56:07 Chain Mail Armor
57:33 Architecture
59:01 Stone Mining
59:01 Gold Mining
60:29 Plate Mail Armor
60:10 Scale Barding Armor
60:06 Padded Archer Armor
59:56 Fletching
64:07 Guilds
64:27 Coinage
mickeyjim2
13:08 Feudal Age
15:02 Loom
17:27 Castle Age
16:12 Horse Collar
16:21 Double-Bit Axe
18:00 Stone Mining
19:19 Heavy Plow
22:03 Bow Saw
25:13 Stone Shaft Mining
24:35 Gold Mining
25:37 Wheelbarrow
24:50 Town Watch
26:27 Fletching
27:33 Gold Shaft Mining
30:28 Hand Cart
30:17 Town Patrol
31:39 Scale Barding Armor
31:45 Forging
31:31 Bodkin Arrow
35:35 Imperial Age
33:43 Husbandry
33:56 Bloodlines
34:03 Masonry
33:39 Light Cavalry
37:32 Chain Barding Armor
37:17 Padded Archer Armor
37:47 Conscription
38:11 Iron Casting
37:44 Siege Engineers
38:40 Chemistry
38:07 Devotion
40:40 Plate Barding Armor
41:05 Blast Furnace
40:54 Caravan
42:15 Faith
43:17 Bracer
43:16 Murder Holes
43:52 Architecture
47:17 Fortified Wall
47:46 Hoardings
48:15 Capped Ram
51:04 Hussar
59:15 Cavalier
mashHollenbach
8:12 Feudal Age
11:09 Double-Bit Axe
17:45 Castle Age
15:48 Horse Collar
16:03 Gold Mining
18:58 Bow Saw
20:35 Wheelbarrow
20:53 Heavy Plow
28:33 Imperial Age
27:32 Caravan
28:03 Scale Barding Armor
28:09 Forging
28:34 Hand Cart
29:27 Stone Mining
31:19 Ballistics
30:47 Treadmill Crane
32:12 Chemistry
31:32 Husbandry
31:43 Bloodlines
32:06 Chain Barding Armor
32:31 Iron Casting
33:02 Stone Shaft Mining
32:23 Guard Tower
32:28 Town Watch
34:05 Conscription
33:55 Aznauri Cavalry
36:36 Plate Barding Armor
37:02 Blast Furnace
36:48 Crop Rotation
36:52 Elite Monaspa
39:44 Hoardings
39:26 Town Patrol
41:17 Fletching
41:27 Padded Archer Armor
41:28 Scale Mail Armor
46:06 Svan Towers
47:17 Guilds
49:52 Siege Engineers
50:23 Keep
49:59 Masonry
49:45 Murder Holes
50:00 Fortified Wall
49:36 Arrowslits
52:48 Pikeman
53:28 Squires
53:19 Arson
54:41 Architecture
54:09 Bodkin Arrow
54:29 Leather Archer Armor
54:15 Scale Mail Armor
53:52 Halberdier
Connection lost

Rejoining the realm…

Still unreachable

The connection could not be restored.

Session expired

The server has moved on; the page needs a fresh start.